 Dungeon Crawl Stone Soup version 0.31.0-11-ge490571c62 (webtiles) character file.

Game seed: 3267065485513998180

266 Killerpretzel the Changeling (level 6, -1/41 HPs)
             Began as an Octopode Shapeshifter on Feb 7, 2024.
             Succumbed to an orc wizard's poison
             ... on level 4 of the Dungeon.
             The game lasted 00:12:21 (3292 turns).

Killerpretzel the Changeling (OpSh)                 Turns: 3292, Time: 00:12:22

Health: -1/41      AC:  1    Str: 13    XL:     6   Next: 20%
Magic:  6/6        EV: 14    Int: 18    God:
Gold:   148        SH:  0    Dex: 14    Spells: 5/5 levels left

rFire   . .          .
                       - Unarmed
rCold   . . .        (no shield)
rNeg    . . .        (helmet currently unavailable)
rPois   .            (no amulet)
rElec   .            l - +6 ring of intelligence
rCorr   .            (no ring)
SInv    .            (no ring)
Will    .....        (no ring)
Stlth   ++           (no ring)
HPRegen 0.26/turn    (no ring)
MPRegen 0.10/turn    (no ring)
                     (no ring)

%: no passive effects
@: lethally poisoned (-1 -> -14), beast-form, invisible
A: beast (slay +2), almost no armour, amphibious, 8 rings, camouflage 1,
gelatinous body 1, (nimble swimmer 1), tentacles
a: Begin Untransformation


You were on level 4 of the Dungeon.
You were a hulking beast.
You visited 1 branch of the dungeon, and saw 4 of its levels.

You collected 148 gold pieces.

Inventory:

Hand Weapons
 a - a +0 orcbow
Jewellery
 g - a ring of ice
 l - a +6 ring of intelligence (left tentacle)
Talismans
 b - a beast talisman (active)
 c - a flux talisman
Wands
 m - a wand of mindburst (4)
Scrolls
 e - a scroll of fog {unknown}
Potions
 d - a potion of resistance
 f - a potion of brilliance
 h - a potion of degeneration
 k - a potion of attraction {unknown}
 o - a potion of lignification


   Skills:
 + Level 2.6 Fighting
 + Level 3.2 Dodging
 + Level 4.0 Unarmed Combat
 * Level 4.6 Shapeshifting


You had 5 spell levels left.
You didn't know any spells.
Your spell library was empty.

Dungeon Overview and Level Annotations

Branches:
Dungeon (4/15)
 Temple: D:4-7

Altars:
Trog

Annotations:
D:3 1 runed translucent door, exclusion: door, Crazy Yiuf
D:4 exclusion: centaur


Innate Abilities, Weirdness & Mutations

You are a hulking beast.
Your limbs bulge with bestial killing power. (Slay +2)
You cannot wear most types of armour.
You are amphibious.
You can wear up to eight rings at the same time.
Your skin changes colour to match your surroundings (Stealth+).
Your rubbery body absorbs attacks. (AC +1, EV +1)
((You are camouflaged when in or above water. (Stealth+)))
You have tentacles for arms and can constrict up to eight enemies at once.


Message History

You are more poisoned.
As you read the scroll of fear, it crumbles to dust.
You assume a fearsome visage.
Nothing appears to happen.
You feel very sick. Something hits you.
You are lethally poisoned!
You fade into invisibility!
* * * LOW HITPOINT WARNING * * *
You feel very sick. Something hits you.
* * * LOW HITPOINT WARNING * * *
You are more poisoned.
It was a potion of curing.
You feel better. Something hits you.
You are poisoned.
You miss something.
You feel very sick.
You barely miss something.
You feel sick. Something hits you.
* * * LOW HITPOINT WARNING * * *
You are lethally poisoned!
You closely miss something.
* * * LOW HITPOINT WARNING * * *
You feel very sick. Something hits you.
* * * LOW HITPOINT WARNING * * *
You feel better. Something closely misses you.
You tentacle-slap something but do no damage.
Something hits you.
* * * LOW HITPOINT WARNING * * *
You are poisoned.
You tentacle-slap something. Your squeeze misses something.
* * * LOW HITPOINT WARNING * * *
You feel very sick. Something hits you.
* * * LOW HITPOINT WARNING * * *
You are more poisoned.
As you read the scroll of fear, it crumbles to dust.
You assume a fearsome visage.
* * * LOW HITPOINT WARNING * * *
You feel very sick.
You die...

#............ ###.###########
##...# #....... #..###
#.#..... ###.## #.#.#...
############...### #.#c#.#.
.................#####.#<#.#.
#####...#)#.....##...###.##
##.o###.h.#......#.#.....
#.o.# ###.#......#.#.#...
###...# #.##)...##.#.####
#{'S..# #.##....##...#
#o#...# #..##..##..#.#
#>o....#...# ... #..##..#.#
....#####...# ...####...#.#
.. #...# #.. ##...#.# #...#
#..#.#.# ##


There were no monsters in sight!

Vanquished Creatures
  A bombardier beetle (D:3)
  An orc priest (D:3)
  An iguana (D:4)
  8 adders
  7 dart slugs
  2 ribbon worms
  8 orcs
  6 bats
  5 endoplasms
  6 goblins
  4 hobgoblins
  3 jackals (D:4)
  4 quokkas
  12 ball pythons
  2 frilled lizards (D:1)
  6 kobolds
  8 rats
84 creatures vanquished.

Vanquished Creatures (others)
  An arcanist (D:3)
1 creature vanquished.

Grand Total: 85 creatures vanquished

Notes
Turn   | Place    | Note
-------+----------+-------------------------------------------
     0 | D:1      | Killerpretzel the Octopode Shapeshifter began the quest for
                  | the Orb.
     0 | D:1      | Reached XP level 1. HP: 13/13 MP: 1/1
   180 | D:1      | Reached XP level 2. HP: 17/18 MP: 2/2
   655 | D:1      | Reached XP level 3. HP: 23/23 MP: 3/3
  1430 | D:2      | Reached XP level 4. HP: 28/29 MP: 4/4
  2020 | D:3      | Found a bloodstained altar of Trog.
  2021 | D:3      | Noticed a wizard
  2027 | D:3      | Killed a wizard
  2103 | D:3      | Reached XP level 5. HP: 22/34 MP: 5/5
  2362 | D:3      | Found a runed translucent door.
  2363 | D:3      | Noticed Crazy Yiuf
  2652 | D:3      | Found a faded altar of an unknown god.
  2884 | D:4      | Noticed a centaur
  2960 | D:4      | Reached XP level 6. HP: 41/41 MP: 6/6
  3291 | D:4      | HP: 2/41 [poisoned by an orc wizard]
  3292 | D:4      | Succumbed to an orc wizard's poison

Illustrated notes

Levels and vault maps discovered:
D:1:      dpeg_arrival_more_subterranean_lakeside_camping, layout_basic,
          serial_forest, infiniplex_forest_split, infiniplex_forest_clump_small,
          infiniplex_forest_zigzag_1, infiniplex_forest_fountain,
          infiniplex_forest_clump_curved, infiniplex_forest_lined_ring,
          infiniplex_forest_lined_ring, infiniplex_forest_clump_double,
          infiniplex_forest_clump_small, minivault_25
D:2:      layout_basic, grunt_ministairs_1, minmay_tromino_mix6
D:3:      layout_rooms, trog_wizard, shapermc_ecumenical_altar_gd,
          uniq_crazy_yiuf_cottage
D:4:      layout_basic, mainiacjoe_ossuary_entry_dusty_tomb, minmay_misc_feat_x,
          uniq_robin

Skill      XL: |  1  2  3  4  5  6 |
---------------+-------------------+-----
Fighting       | 2 |  2.6
Shapeshifting  | 4 |  4.6
Dodging        | 3 |  3.2
Unarmed Combat | 4 |  4.0

Action                     |  1- 3 |  4- 6 || total
---------------------------+-------+-------++-------
  Melee: Unarmed           |    56 |    86 ||   142
         Constrict         |    13 |    25 ||    38
         Tentacles         |    13 |    22 ||    35
         Punch             |       |     1 ||     1
   Fire: Orcbow            |       |    20 ||    20
    Use: Scroll            |     5 |     7 ||    12
         Potion            |       |     3 ||     3
   Stab: Sleeping          |     4 |     3 ||     7
 Armour: Skin              |    20 |    42 ||    62
  Dodge: Dodged            |    31 |    51 ||    82
   Form: Beast             |       |     2 ||     2
                           |       |     1 ||     1
